[Event "*** Titled Tuesday Blitz"]
[Site "Chess.com"]
[Date "2020.04.14"]
[Round "3"]
[White "Bacyanide"]
[Black "Efremov_Vlad"]
[Result "1-0"]
[WhiteElo "2326"]
[BlackElo "2101"]
[TimeControl "180+1"]
[EndTime "10:28:28 PDT"]
[Termination "Bacyanide won by checkmate"]

1. d4 d5 2. c4 e6 3. Nf3 Nf6 4. Nc3 c5 5. cxd5 Nxd5 6. e4 Nxc3 7. bxc3 cxd4 8. cxd4 Bb4+ 9. Bd2 Bxd2+ 10. Qxd2 O-O 11. Bd3 Nd7 12. O-O b6 13. Rad1 Bb7 14. Qf4 Rc8 15. Rfe1 Qf6 16. Qe3 Qe7 17. h4 h6 18. Qf4 Nf6 19. g4 Qc7 20. e5 Nd5 21. Qg3 Nc3 22. Rc1 Qc6 23. Rxc3 Qxc3 24. Re3 Qc1+ 25. Kh2 Qd1 26.
h5 Rc1 27. Ne1 Qxe1 28. Rxe1 Rxe1 29. f3 Rc8 30. Qxe1 Bd5 31. Kg3 Bxa2 32. Qe4 Kf8 33. Qh7 Rc3 34. Be4 Bb3 35. Qh8+ Ke7 36. Qxg7 a5 37. Qxh6 a4 38. Qf6+ Ke8 39. h6 a3 40. h7 a2 41. h8=Q+ Kd7 42. Qhd8# 1-0

[Event "*** Titled Tuesday Blitz"]
[Site "Chess.com"]
[Date "2020.04.14"]
[Round "3"]
[White "Torrentec"]
[Black "kungmongmanh"]
[Result "0-1"]
[WhiteElo "2317"]
[BlackElo "2554"]
[TimeControl "180+1"]
[EndTime "10:28:29 PDT"]
[Termination "kungmongmanh won on time"]

1. e4 e6 2. d4 d5 3. Nc3 Nf6 4. e5 Nfd7 5. f4 c5 6. Nf3 Nc6 7. Be3 Be7 8. Be2 c4 9. a3 b5 10.
Qd2 a6 11. O-O Nb6 12. Rae1 Rb8 13. Ng5 Bxg5 14. fxg5 O-O 15. Nd1 a5 16. h4 b4 17.
axb4 axb4 18. h5 Ba6 19. h6 g6 20. Nf2 c3 21. bxc3 Bxe2 22. Rxe2 Nc4 23. Qd3 bxc3 24. Qxc3 Qa5 25. Qxa5 N6xa5 26. Ng4 Rb7 27. Ref2 Nc6 28.
c3 Ne7 29. Bc1 Nf5 30. Nf6+ Kh8 31. g4 Nfe3 32. Bxe3 Nxe3 33. Rc1 Rc7 34. Rf3 Nc4 35.
Rf2 Rb8 36. Rf3 Rcb7 37. Rcf1 Nd2 38. R1f2 Nxf3+ 39. Rxf3 Rb1+ 40. Kg2 R8b2+ 41. Kh3 Rh1+ 0-1

[Event "*** Titled Tuesday Blitz"]
[Site "Chess.com"]
[Date "2020.04.14"]
[Round "3"]
[White "francyIM"]
[Black "przemekpiotrowski"]
[Result "1-0"]
[WhiteElo "2625"]
[BlackElo "2396"]
[TimeControl "180+1"]
[EndTime "10:28:30 PDT"]
[Termination "francyIM won by resignation"]

1. d4 c5 2. d5 e5 3. e4 d6 4. Bb5+ Nd7 5. a4 Be7 6. Nc3 Bg5 7. Nf3 Bxc1 8. Qxc1 Ne7 9. a5 a6 10. Bd3 Ng6 11.
Ne2 O-O 12. h4 Qf6 13. Qg5 Nf4 14. Qxf6 Nxf6 15. Nxf4 exf4 16. Nd2 Re8 17. Kd1 Ng4 18.
Rf1 Ne5 19. f3 Bd7 20. Rh1 h5 21. b3 Bb5 22. Be2 Rec8 23. Nb1 Bxe2+ 24. Kxe2 c4 25. b4 Rc7 26. Nc3 Kh7 27. Kf2 f6 28. Rhb1 g5 29.
b5 Kg6 30. bxa6 Rxa6 31. Rb6 Nd7 32. Rxa6 bxa6 33. Rb1 Kf7 34. Na4 Ke7 35. Rh1 g4 36.
Rb1 g3+ 37. Ke2 f5 38. exf5 Kf6 39. Kd2 Kxf5 40. Kc3 Ke5 41. Re1+ Kxd5 42. Re4 Ne5 43. Nb6+ Kc6 44. Rxf4 Kb5 45. Rf5 Kxa5 46. Nd5 Rh7 47. f4 Rf7 48. Nf6 Rxf6 49. Rxf6 Ng4 50. Rf5+ Kb6 51.
Rxh5 Ne3 52. Rg5 Nxg2 53. h5 Nxf4 54. h6 g2 1-0

[Event "*** Titled Tuesday Blitz"]
[Site "Chess.com"]
[Date "2020.04.14"]
[Round "3"]
[White "mphofmann"]
[Black "algatar2020"]
[Result "1-0"]
[WhiteElo "2267"]
[BlackElo "1864"]
[TimeControl "180+1"]
[EndTime "10:28:30 PDT"]
[Termination "mphofmann won on time"]

1. b3 d5 2. Bb2 Bf5 3. e3 e6 4. h3 Nf6 5. d3 c6 6. g4 Bg6 7. Nf3 a5 8. a3 c5 9. a4 Nc6 10.
Na3 Nb4 11. Ne5 Bd6 12. Nb5 Bxe5 13. Bxe5 Rc8 14. Nd6+ Ke7 15. Nxc8+ Qxc8 16. g5 Nd7 17. Bxg7 Rg8 18. Bc3 d4 19. Bd2 Ne5 20. e4 Nec6 21. h4 f6 22. f4 fxg5 23. hxg5 Rf8 24. Be2 e5 25. f5 Bxf5 26. exf5 Qxf5 27. Rf1 Qh3 28.
Rxf8 Kxf8 29. Bg4 Qh1+ 30. Kf2 Qh2+ 31. Kf3 e4+ 32. Kxe4 Qe5+ 33. Kf3 Qh2 34. Qe2 Ne5+ 35. Ke4 Qg3 36. Rf1+ Ke7 37. Bxb4 axb4 38. Kd5 1-0

[Event "*** Titled Tuesday Blitz"]
[Site "Chess.com"]
[Date "2020.04.14"]
[Round "3"]
[White "Gabrielian_Artur"]
[Black "Fandorine"]
[Result "1-0"]
[WhiteElo "2688"]
[BlackElo "2905"]
[TimeControl "180+1"]
[EndTime "10:28:31 PDT"]
[Termination "Gabrielian_Artur won on time"]

1. e4 c5 2. Nc3 d6 3. d4 cxd4 4.
Qxd4 Nc6 5. Qd2 g6 6. b3 Bh6 7.
f4 f5 8. Bb2 Nf6 9. exf5 Bxf5 10. Nf3 Qa5 11. O-O-O O-O-O 12. g3 Rhe8 13. Bd3 Kb8 14.
Bxf5 gxf5 15. Rhe1 e5 16. Kb1 d5 17. Nh4 d4 18.
Na4 Qxd2 19. Rxd2 exf4 20. Rdd1 Rxe1 21. Rxe1 Bg5 22. Nxf5 f3 23. Nc5 f2 24. Rf1 Be3 25.
Bc1 Re8 26. Nd3 Ng4 27. h3 Nh2 28. Rxf2 Bxf2 29. Bf4+ Ka8 30. Nxf2 Nf3 31. Nd3 Ne1 32. Nc5 b6 33. Na6 Kb7 34. Nd6+ 1-0

[Event "*** Titled Tuesday Blitz"]
[Site "Chess.com"]
[Date "2020.04.14"]
[Round "3"]
[White "LuckSlayeer"]
[Black "chito89"]
[Result "0-1"]
[WhiteElo "2583"]
[BlackElo "2790"]
[TimeControl "180+1"]
[EndTime "10:28:31 PDT"]
[Termination "chito89 won by resignation"]

1. Nf3 Nf6 2. c4 e6 3. Nc3 Bb4 4.
Qc2 O-O 5. a3 Bxc3 6. Qxc3 d6 7.
e3 e5 8. Be2 Bg4 9. h3 Bh5 10. d3 c5 11. b4 Nc6 12. Bb2 Re8 13. O-O h6 14. Rfe1 Qd7 15. Rad1 Rac8 16. b5 Ne7 17. d4 cxd4 18. exd4 e4 19. Ne5 Qe6 20. Ng4 Bxg4 21. hxg4 d5 22. c5 Nxg4 23. Qg3 Nf6 24. Bc1 Nf5 25. Qh3 g5 26. g3 Kg7 27. Bg4 Nxg4 28.
Qxg4 Nxd4 29. Qxe6 Nf3+ 30. Kf1 fxe6 31. Bb2+ Kg6 32.
Re3 Rxc5 33. a4 Rc2 34. Ba3 Rec8 35. Bd6 Rc1 36. Ree1 Nxe1 37. Kxe1 Rxd1+ 38. Kxd1 Rc4 39. a5 Ra4 40. b6 Rxa5 41. bxa7 Rxa7 42. Ke2 Ra2+ 43.
Ke3 Kf5 44. Kd4 h5 45. Bb4 Rxf2 46. Kc5 Rf3 47. Be1 Rf1 48. Bd2 0-1

[Event "*** Titled Tuesday Blitz"]
[Site "Chess.com"]
[Date "2020.04.14"]
[Round "3"]
[White "ftorodent"]
[Black "indfraeng"]
[Result "1-0"]
[WhiteElo "2647"]
[BlackElo "2248"]
[TimeControl "180+1"]
[EndTime "10:28:31 PDT"]
[Termination "ftorodent won by checkmate"]

1. d4 d5 2. c4 c6 3. cxd5 cxd5 4. Bf4 Nc6 5. e3 Nf6 6. Nc3 Bf5 7. Qb3 Na5 8. Qa4+ Bd7 9. Qc2 e6 10. Bd3 Rc8 11.
Nf3 Be7 12. h3 h6 13. O-O O-O 14. Qe2 a6 15. Ne5 b5 16. Rfc1 Nc4 17. Nd1 Qb6 18. a4 Nd6 19. Nxd7 Nxd7 20. axb5 Nxb5 21. Nc3 Nxc3 22.
bxc3 a5 23. Rcb1 Qa7 24. Qb2 Bf6 25. Bd6 Rfd8 26. Ra3 e5 27. Qa2 e4 28. Bf1 Nb8 29.
Bc5 Qc7 30. Rxa5 Nd7 31. Ra7 Qc6 32. Bb5 Qe6 33. Bb4 Nb6 34. Ba5 Rd6 35. Ba6 Rcc6 36. Bb7 Rc7 37. Bxb6 Rxb6 38. Rxb6 Qxb6 39. Ra8+ Kh7 40.
Bxd5 Rxc3 41. Bxe4+ g6 42. Qxf7+ Bg7 43. Qg8# 1-0

[Event "*** Titled Tuesday Blitz"]
[Site "Chess.com"]
[Date "2020.04.14"]
[Round "3"]
[White "dsanchez1973"]
[Black "misha_chessone"]
[Result "1-0"]
[WhiteElo "2085"]
[BlackElo "2251"]
[TimeControl "180+1"]
[EndTime "10:28:31 PDT"]
[Termination "dsanchez1973 won on time"]

1. e4 e6 2. d4 d5 3. Nc3 Bb4 4. e5 c5 5. a3 Bxc3+ 6. bxc3 Ne7 7.
Qg4 Qc7 8. Qxg7 Rg8 9. Qxh7 cxd4 10. Ne2 Nbc6 11. f4 Bd7 12. Qd3 dxc3 13. Nxc3 a6 14.
Rb1 Nf5 15. Ne2 Na5 16. h3 Bb5 17. Qc3 Nc4 18. g4 Nh4 19. Nd4 Bd7 20. Bxc4 dxc4 21.
Be3 Ng2+ 22. Kf2 Nxe3 23. Qxe3 c3 24. Rb3 Rc8 25. g5 b5 26. h4 Qb7 27. Rh2 a5 28. Rxc3 Rxc3 29. Qxc3 Qe4 30. Qe3 Qd5 31. h5 b4 32. axb4 axb4 33. h6 Ba4 34. h7 Rh8 35. Kg3 Qc4 36. g6 fxg6 37. Qe4 Qc3+ 38. Kg4 Ke7 39.
Qxg6 Qxd4 40. Qf6+ Kd7 41. Qxh8 Qd1+ 42. Kg5 Qg1+ 43.
Kf6 Qg2 44. Rxg2 1-0

[Event "*** Titled Tuesday Blitz"]
[Site "Chess.com"]
[Date "2020.04.14"]
[Round "3"]
[White "josiwales"]
[Black "ljuks68"]
[Result "1-0"]
[WhiteElo "2571"]
[BlackElo "2335"]
[TimeControl "180+1"]
[EndTime "10:28:32 PDT"]
[Termination "josiwales won on time"]

1. e4 e6 2. d4 d5 3. exd5 exd5 4. Nf3 Nf6 5. Bd3 c5 6. O-O Nc6 7. Re1+ Be7 8. dxc5 O-O 9. Be3 Ng4 10. Qd2 Nxe3 11.
Qxe3 Re8 12. Nbd2 Be6 13. Nb3 Bg4 14. Ne5 Bf6 15. Nxc6 Qd7 16. Qg3 bxc6 17. c3 a5 18. Nd4 a4 19. Nxc6 Qxc6 20. Qxg4 a3 21. bxa3 Bxc3 22. Bxh7+ Kh8 23. Rxe8+ Rxe8 24. Rd1 d4 25. Bd3 g6 26. h3 Qxc5 27. Qh4+ Kg7 28. Qf4 Qxa3 29. Bc4 Qe7 30. Rd3 Qe1+ 31. Kh2 Re7 32.
Qg3 Qe2 33. Rxd4 Bxd4 34. Bxe2 Rxe2 35. Qd3 Be5+ 36. f4 Bxf4+ 37. Kg1 1-0

[Event "*** Titled Tuesday Blitz"]
[Site "Chess.com"]
[Date "2020.04.14"]
[Round "3"]
[White "CookiesAndIceCream"]
[Black "ItsCheckM8Mate"]
[Result "1-0"]
[WhiteElo "2335"]
[BlackElo "2118"]
[TimeControl "180+1"]
[EndTime "10:28:32 PDT"]
[Termination "CookiesAndIceCream won on time"]

1. e4 e5 2. Nf3 Nc6 3. Nc3 Nf6 4. Bb5 Bd6 5. O-O O-O 6. d3 h6 7. a3 Re8 8. Be3 Bf8 9. Bc4 d6 10. h3 a6 11. b4 Be6 12. Bxe6 Rxe6 13. d4 exd4 14. Nxd4 Nxd4 15. Qxd4 Qe8 16. Nd5 Rxe4 17. Nxc7 Qd7 18. Nxa8 Rxd4 19. Bxd4 Ne4 20. Rfe1 Qf5 21.
c3 g6 22. f3 Ng5 23. Re8 Ne6 24.
Re1 Kh7 25. Nb6 Nxd4 26. cxd4 Bg7 27. Kh1 Qb5 28. Nc8 Bxd4 29. Nxd6 Qd7 30. Nc8 Bf6 31. Nb6 Qd4 32. Na8 Qf4 33. Nb6 Bd4 34. Nd5 Qg5 35.
Nc7 1-0

[Event "*** Titled Tuesday Blitz"]
[Site "Chess.com"]
[Date "2020.04.14"]
[Round "3"]
[White "Muracle"]
[Black "sebsep"]
[Result "1-0"]
[WhiteElo "2684"]
[BlackElo "2377"]
[TimeControl "180+1"]
[EndTime "10:28:33 PDT"]
[Termination "Muracle won by resignation"]

1. e4 e5 2. Nf3 Nc6 3. Bb5 a6 4. Bxc6 dxc6 5. O-O f6 6. d4 exd4 7. Nxd4 c5 8. Nb3 Qxd1 9. Rxd1 Bg4 10. f3 Be6 11.
Be3 b6 12. a4 a5 13. Nc3 Bd6 14. Nb5 O-O-O 15. Rd2 Ne7 16. Rad1 Be5 17. Na7+ Kb7 18.
Rxd8 Rxd8 19. Rxd8 Kxa7 20. f4 Bd6 21. e5 fxe5 22.
fxe5 Bxe5 23. Nxc5 bxc5 24. Bxc5+ Kb7 25. Bxe7 Bxb2 26.
Bg5 Be5 27. Bd2 Bf6 28. Rd3 Bc4 29. Rh3 Be6 30. Rh5 Bd7 31. Rxa5 Bd4+ 32. Kf1 Bb6 33.
Rh5 Bxa4 34. Rxh7 Bd4 35. c3 Bf6 36. Ke2 Kc6 37. g4 Kd5 38. g5 Be5 39. h4 Bd7 40.
h5 Bf5 41. g6 Ke6 42. Kf3 Kf6 43. Rh8 Bd6 44. c4 Be6 45. Bc3+ Kg5 46. h6 Bg4+ 47. Kg2 Kxg6 48. hxg7 Be6 49. g8=Q+ Bxg8 50. Rxg8+ Kf5 51. Kf3 Ke6 52. Rg6+ 1-0

[Event "*** Titled Tuesday Blitz"]
[Site "Chess.com"]
[Date "2020.04.14"]
[Round "3"]
[White "Triumphmate"]
[Black "Zajdanek"]
[Result "1-0"]
[WhiteElo "2597"]
[BlackElo "2374"]
[TimeControl "180+1"]
[EndTime "10:28:33 PDT"]
[Termination "Triumphmate won by resignation"]

1. e4 c5 2. Nf3 Nc6 3. d4 cxd4 4.
Nxd4 e5 5. Nb3 Nf6 6. Nc3 Bb4 7.
Bd3 h6 8. O-O O-O 9. Nd5 Nxd5 10. exd5 Ne7 11. c4 d6 12. a3 Ba5 13. Nxa5 Qxa5 14.
b4 Qd8 15. f4 exf4 16. Bxf4 a5 17. Qf3 axb4 18. axb4 Rxa1 19. Rxa1 Qb6+ 20. Kh1 Qxb4 21. Qg3 Nf5 22. Bxf5 Bxf5 23. Bxh6 Bg6 24. Bf4 Qxc4 25.
Bxd6 Rc8 26. h4 Qxd5 27. Re1 b5 28. Bb4 Qc4 29. Bd6 b4 30. Be5 b3 31. h5 f6 32.
Bxf6 Qd3 33. Qg4 Qc4 34. Qxg6 Qf7 35. Qxf7+ Kxf7 36. Be5 Rc4 37. g3 Rc2 38. Rb1 Re2 39.
Bd4 Rd2 40. Bc3 Rd5 41. Rxb3 Rxh5+ 42. Kg2 1-0

[Event "*** Titled Tuesday Blitz"]
[Site "Chess.com"]
[Date "2020.04.14"]
[Round "3"]
[White "DonPreuss"]
[Black "Rakesh"]
[Result "0-1"]
[WhiteElo "2174"]
[BlackElo "2369"]
[TimeControl "180+1"]
[EndTime "10:28:33 PDT"]
[Termination "Rakesh won on time"]

1. d4 Nf6 2. Nc3 d5 3. e4 dxe4 4. f3 e3 5. Bxe3 e6 6. Bd3 Nc6 7. a3 Bd6 8. Nge2 O-O 9. O-O Nd5 10. Nxd5 exd5 11. f4 Re8 12. Qd2 Bg4 13. Ng3 Qe7 14.
Rae1 Rad8 15. Qf2 a6 16. h3 Bc8 17. f5 Qh4 18. Nh1 Qxf2+ 19. Nxf2 b5 20. c3 Na5 21. Ng4 Nc4 22. Bxc4 bxc4 23. Bg5 f6 24. Rxe8+ Rxe8 25. Bxf6 gxf6 26. Nxf6+ Kf7 27. Nxe8 Kxe8 28. g4 Kf7 29. Kg2 Kf6 30. Kf3 h6 31. h4 Bd7 32. Re1 h5 33. Rf1 c5 34. g5+ Kxf5 35. Ke3+ Ke6 36.
g6 Ke7 37. g7 Be6 38. Rf8 cxd4+ 39. cxd4 Kd7 40. g8=Q Bxg8 41. Rxg8 Be7 0-1

[Event "*** Titled Tuesday Blitz"]
[Site "Chess.com"]
[Date "2020.04.14"]
[Round "3"]
[White "crescentmoon2411"]
[Black "swayamsm"]
[Result "1-0"]
[WhiteElo "2919"]
[BlackElo "2664"]
[TimeControl "180+1"]
[EndTime "10:28:34 PDT"]
[Termination "crescentmoon2411 won by resignation"]

1. e4 e6 2. d4 d5 3. Nc3 Nf6 4. e5 Nfd7 5. Nce2 c5 6. c3 Nc6 7. Nf3 b5 8. Nf4 b4 9. Bb5 Bb7 10. O-O Qa5 11. Bxc6 Bxc6 12. Bd2 bxc3 13. Bxc3 Qc7 14.
Ng5 cxd4 15. Bxd4 Nxe5 16. Re1 Bd6 17. Ngxe6 fxe6 18. Nxe6 Qb8 19. Bxe5 Bxe5 20. Qh5+ g6 21. Qxe5 Qxe5 22. Rxe5 Kd7 23. Nd4 Rae8 24. Re3 Rxe3 25. fxe3 Bb7 26. Rf1 Ke7 27. Rc1 Kd7 28. Rc3 a6 29. h3 Re8 30. Kf2 Kd6 31. Rb3 Re7 32. Rb6+ Kc7 33. Rf6 Kd7 34. b4 Kc7 35. a4 Bc8 36. a5 Bd7 37. Rxa6 Kb7 38. Rb6+ Kc7 39. b5 Re8 40. Rf6 Kd8 41. Rf7 Kc7 42. b6+ Kd6 43. a6 Ra8 44. a7 Bc8 45. Rxh7 Kc5 46. b7 Bxb7 47. Rxb7 Kd6 48. Rb8 Rxa7 49. Nb5+ 1-0

[Event "*** Titled Tuesday Blitz"]
[Site "Chess.com"]
[Date "2020.04.14"]
[Round "3"]
[White "Ziachess74"]
[Black "kircsaj"]
[Result "1/2-1/2"]
[WhiteElo "2543"]
[BlackElo "2321"]
[TimeControl "180+1"]
[EndTime "10:28:34 PDT"]
[Termination "Game drawn by agreement"]

1. d4 Nf6 2. Bf4 g6 3. Nc3 Bg7 4. e4 d6 5. Qd2 O-O 6. f3 c5 7. d5 a6 8. a4 Nh5 9. Bh6 e6 10. Bxg7 Nxg7 11. O-O-O exd5 12. Qxd5 Nc6 13. Qxd6 Qxd6 14. Rxd6 Be6 15. Nge2 Rfd8 16. Rxd8+ Rxd8 17. Nf4 Nb4 18. Nd3 f5 19. Nxc5 Bc8 20. Bc4+ Kf8 21. e5 f4 22. Re1 Ke7 23. N3e4 Nf5 24. c3 Nc6 25. Ng5 Ne3 26. Nf7 Nxc4 27. Nxd8 Nxd8 28. Re4 Ne3 29. Rxf4 Nxg2 30. Rb4 Ne3 31. f4 Nd5 32. Rd4 Ne3 33. Ne4 Nf5 34. Rd1 Be6 35. Nf6 h6 36. b4 Nf7 37. Kb2 g5 38. Ng8+ Kf8 39. Nf6 gxf4 1/2-1/2

[Event "*** Titled Tuesday Blitz"]
[Site "Chess.com"]
[Date "2020.04.14"]
[Round "3"]
[White "MaximDlugy"]
[Black "Imre91"]
[Result "1/2-1/2"]
[WhiteElo "2888"]
[BlackElo "2597"]
[TimeControl "180+1"]
[EndTime "10:28:35 PDT"]
[Termination "Game drawn by agreement"]

1. d4 Nf6 2. Bf4 c5 3. d5 Qb6 4. Nc3 d6 5. Rb1 g6 6. e4 Bg7 7. Be2 Qb4 8. a3 Qa5 9. Qd2 a6 10. Nf3 b5 11. Bd3 Bg4 12. O-O Bxf3 13. gxf3 Nbd7 14.
b4 Qc7 15. Bh6 Ne5 16. Be2 Bxh6 17. Qxh6 cxb4 18. Nxb5 axb5 19. Bxb5+ Kd8 20. f4 Neg4 21. Qh4 bxa3 22. Bc6 a2 23. Bxa8 axb1=Q 24. Rxb1 Qa7 25. Bc6 Nxe4 26. Qxg4 Qxf2+ 27. Kh1 f5 28. Qg2 Qa7 29. Rb7 Qa1+ 30. Qg1 Qxg1+ 31. Kxg1 Kc8 32. Rxe7 h6 33. Rg7 g5 34. Bd7+ Kb8 35. Bxf5 Nc3 36. fxg5 hxg5 37. Be6 Ne2+ 38. Kg2 Nf4+ 39. Kf3 Rxh2 40.
Rxg5 Nh5 41. Kg4 Nf6+ 42. Kf5 Nh5 43. c4 Rf2+ 44. Kg6 Nf4+ 45. Kf7 Nxd5+ 46. Ke8 Nc7+ 47. Kd7 Nxe6 48. Kxe6 Rc2 49. Kd5 Kc7 50. Rg7+ Kc8 51. Kxd6 Rxc4 52. Rg8+ 1/2-1/2

[Event "*** Titled Tuesday Blitz"]
[Site "Chess.com"]
[Date "2020.04.14"]
[Round "3"]
[White "Alonmindlin"]
[Black "Grischuk"]
[Result "0-1"]
[WhiteElo "2712"]
[BlackElo "3093"]
[TimeControl "180+1"]
[EndTime "10:28:36 PDT"]
[Termination "Grischuk won by resignation"]

1. d4 Nf6 2. c4 g6 3. Nc3 Bg7 4. e4 d6 5. f3 O-O 6. Be3 a6 7. Qd2 Nbd7 8. Bd3 c6 9. Nge2 b5 10. O-O Bb7 11. b4 e5 12. cxb5 exd4 13. Nxd4 cxb5 14.
a4 bxa4 15. Rxa4 d5 16. exd5 Nb6 17. Raa1 Nfxd5 18. Nxd5 Qxd5 19. Be4 Qd7 20. Bxb7 Nc4 21. Bc6 Qd6 22. Nf5 Qxd2 23. Ne7+ Kh8 24. Bxd2 Nxd2 25.
Bxa8 Rxa8 26. Nc6 Nxf1 27. Rxf1 Rc8 28. Rd1 Bc3 29. Rd6 Kg7 30. Ne7 Re8 31. Nd5 Re1+ 32.
Kf2 Rd1 33. Rc6 Be5 34. Nc7 Rd2+ 35. Ke3 Rxg2 36. Nxa6 Rxh2 37. b5 Rb2 38. b6 Bh2 39. Nc7 Rxb6 40. Rc2 Bxc7 0-1

[Event "*** Titled Tuesday Blitz"]
[Site "Chess.com"]
[Date "2020.04.14"]
[Round "3"]
[White "djano"]
[Black "RaunakSadhwani2005"]
[Result "1/2-1/2"]
[WhiteElo "2494"]
[BlackElo "2815"]
[TimeControl "180+1"]
[EndTime "10:28:36 PDT"]
[Termination "Game drawn by repetition"]

1. c4 Nf6 2. Nf3 g6 3. b3 Bg7 4. Bb2 O-O 5. g3 d6 6. d4 c5 7. Bg2 cxd4 8. Nxd4 Qa5+ 9. Bc3 Qh5 10. h3 a6 11. g4 Qc5 12. e3 Nc6 13. O-O Bd7 14.
Nd2 Nxd4 15. Bxd4 Qc7 16. Rc1 Bc6 17. e4 Rac8 18. Re1 Nd7 19. Bxg7 Kxg7 20. Nf1 e5 21. b4 Qb8 22. Ne3 Rfd8 23. a4 Nf8 24. b5 Be8 25. Nd5 Ne6 26. Qf3 Rd7 27. Qf6+ Kg8 28.
Ne7+ Rxe7 29. Qxe7 Nd4 30. bxa6 bxa6 31. Rb1 Qc7 32. Qxc7 Rxc7 33. Rb8 Kf8 34. Ra8 Rxc4 35. Rxa6 Bc6 36. a5 Ra4 37. Ra7 Ra2 38. Rb1 Ne2+ 39.
Kf1 Nf4 40. Rb8+ Kg7 41. Rb1 Bb5+ 42. Kg1 Bd3 43. Rd1 Ne2+ 44. Kh2 Nf4 45. Kg1 Ne2+ 46. Kh2 Nf4 47. Kg1 1/2-1/2

[Event "*** Titled Tuesday Blitz"]
[Site "Chess.com"]
[Date "2020.04.14"]
[Round "3"]
[White "NTBT_DHS"]
[Black "TheBigBoss04"]
[Result "0-1"]
[WhiteElo "2560"]
[BlackElo "2774"]
[TimeControl "180+1"]
[EndTime "10:28:37 PDT"]
[Termination "TheBigBoss04 won by checkmate"]

1. d4 Nf6 2. c4 e6 3. Nf3 d5 4.
g3 dxc4 5. Bg2 a6 6. O-O Nc6 7. e3 Rb8 8. Nfd2 e5 9. Bxc6+ bxc6 10. dxe5 Ng4 11. Nxc4 Be6 12. Nbd2 Bb4 13. Qe2 h5 14. Nf3 h4 15. a3 Qd5 16. Ncd2 Bxd2 17. Bxd2 hxg3 18.
fxg3 Rxb2 19. Rad1 Qe4 20. Qxa6 Rh5 21. Qa8+ Kd7 22. Bc3+ Bd5 23. Rxd5+ cxd5 24. e6+ fxe6 25. Bxb2 Qxe3+ 26. Kh1 Qe2 27. Qa4+ Kd8 28. Qxg4 Qxf1+ 29. Ng1 Rf5 30. Bxg7 Rf2 31. Qh4+ Kc8 32. Qh8+ Kb7 33.
Qh3 Qd3 34. Qxe6 Qd2 35. Qh3 Qe2 36. Qh4 Qd3 37. Qb4+ Kc8 38. Qg4+ Kb7 39. Bd4 Rf1 40. Qg5 Qe4# 0-1

[Event "*** Titled Tuesday Blitz"]
[Site "Chess.com"]
[Date "2020.04.14"]
[Round "3"]
[White "Chessialist"]
[Black "crazy_but_lazy"]
[Result "1-0"]
[WhiteElo "2641"]
[BlackElo "2404"]
[TimeControl "180+1"]
[EndTime "10:28:37 PDT"]
[Termination "Chessialist won by resignation"]

1. e4 c6 2. d4 d5 3. e5 c5 4. Nf3 Nc6 5. c4 cxd4 6. Nxd4 e6 7.
cxd5 Qxd5 8. Nxc6 bxc6 9. Be2 Bb4+ 10. Nd2 Ne7 11. O-O O-O 12. Bf3 Qxe5 13. Nc4 Qf6 14. Qa4 a5 15. a3 Ba6 16. Qc2 Bc5 17. Bd2 Nd5 18. Nxa5 Bxf1 19. Qxc5 Qxb2 20. Rxf1 Qxd2 21.
Nxc6 Qc3 22. Qxc3 Nxc3 23. Ne7+ Kh8 24. Bxa8 Rxa8 25. Ra1 g6 26. Nc6 Kg7 27. f3 Ra6 28. Ne5 Kf6 29. Nd7+ Ke7 30. Nc5 Ra5 31. Nb3 Ra4 32.
Kf2 Nb5 33. Rb1 Rxa3 34. Nc5 Ra2+ 35. Kg1 Nd4 36. Rb7+ Kf6 37. Ne4+ Kg7 38. Ng5 Ne2+ 39. Kf1 Nf4 40. Rxf7+ Kh6 41. h4 Ra1+ 42. Kf2 Ra2+ 43. Kg1 Ra1+ 44. Kh2 1-0

[Event "*** Titled Tuesday Blitz"]
[Site "Chess.com"]
[Date "2020.04.14"]
[Round "3"]
[White "1stSecond"]
[Black "Perimir"]
[Result "1-0"]
[WhiteElo "2702"]
[BlackElo "2430"]
[TimeControl "180+1"]
[EndTime "10:28:38 PDT"]
[Termination "1stSecond won by resignation"]

1. Nf3 Nf6 2. c4 g6 3. Nc3 Bg7 4. e4 d6 5. h3 c5 6. d4 cxd4 7. Nxd4 Nc6 8. Be3 O-O 9. Be2 Bd7 10. Qd2 Nxd4 11. Bxd4 Bc6 12. O-O e5 13. Be3 Nxe4 14. Nxe4 Bxe4 15. Rfd1 f5 16. Qxd6 Qxd6 17. Rxd6 f4 18.
Bc5 Rf7 19. Bg4 Bf8 20. Be6 Bxd6 21. Bxd6 Re8 22. Bxf7+ Kxf7 23. Re1 Ke6 24. Bc5 Bc6 25. Bxa7 e4 26. Bd4 Rd8 27. Bc3 Rd3 28. Kf1 Kf5 29.
Ke2 Bd7 30. Ra1 Be6 31. c5 Bc4 32. Ke1 e3 33. a4 f3 34. gxf3 Kf4 35. fxe3+ Kxe3 36.
a5 Kxf3 37. c6 Re3+ 38. Kd1 bxc6 39. a6 Re8 40. a7 Ra8 41. Ra3 Kg2 42. Be5 Bd5 43.
Rg3+ Kf2 44. Rc3 Rxa7 45. Bd4+ 1-0

[Event "*** Titled Tuesday Blitz"]
[Site "Chess.com"]
[Date "2020.04.14"]
[Round "3"]
[White "Kumi29"]
[Black "Mourinho_Jose"]
[Result "1-0"]
[WhiteElo "2419"]
[BlackElo "2621"]
[TimeControl "180+1"]
[EndTime "10:28:38 PDT"]
[Termination "Kumi29 won by checkmate"]

1. d4 d5 2. Nc3 Bf5 3. f3 Nf6 4. Bf4 a6 5. g4 Bg6 6. h4 h6 7. e3 c5 8. Bd3 Bxd3 9. Qxd3 Nc6 10. Nge2 e6 11. O-O-O Nd7 12. e4 cxd4 13. Nxd4 e5 14.
Nxc6 bxc6 15. exd5 c5 16. d6 Qf6 17. Bxe5 Nxe5 18.
Qe4 Rb8 19. f4 Bxd6 20. g5 Qe6 21. fxe5 Bxe5 22. Rhe1 Bxc3 23. Qc6+ Kf8 24. Rxe6 Bxb2+ 25. Kd2 fxe6 26. Qd6+ Kf7 27. Rf1+ Kg6 28. Qxe6+ Kh5 29. Qe2+ Kg6 30. h5+ Kxg5 31. Rg1+ Kf5 32. Qg4+ Ke5 33. Re1+ Kd6 34. Qe6+ Kc7 35. Qe7+ Kb6 36. Re6+ Kb5 37. Qd7+ Ka5 38. Qc7+ Ka4 39. Rxa6+ Kb5 40. Ra5+ Kb4 41. Qxc5# 1-0

[Event "*** Titled Tuesday Blitz"]
[Site "Chess.com"]
[Date "2020.04.14"]
[Round "3"]
[White "narutosmith"]
[Black "iulik86"]
[Result "0-1"]
[WhiteElo "2189"]
[BlackElo "2518"]
[TimeControl "180+1"]
[EndTime "10:28:38 PDT"]
[Termination "iulik86 won on time"]

1. c4 e5 2. Nc3 Nf6 3. Nf3 Nc6 4. d4 exd4 5. Nxd4 Bb4 6. Bg5 Bxc3+ 7. bxc3 Ne5 8. f4 Ng6 9. e4 h6 10. Bxf6 Qxf6 11.
g3 O-O 12. Bg2 Qa6 13. Qb3 d6 14. O-O Rb8 15. Qb5 Qb6 16. Rab1 c6 17. Qxb6 axb6 18. Rxb6 Ra8 19. Rf2 Re8 20. Nb3 Nf8 21. Rb4 Ne6 22.
Rd2 Rd8 23. Nc1 Kf8 24. Rbb2 Ke7 25. Nb3 Ra4 26. Bf1 f6 27. Nd4 Nc5 28. Nf5+ Bxf5 29.
exf5 Kd7 30. Re2 Re8 31. Rxe8 Kxe8 32. Be2 Kd7 33. Kf2 Ra3 34. Rc2 Ne4+ 35. Kg2 Nxc3 36. Bf3 Rxa2 37. Rxa2 Nxa2 38. Kh3 Nb4 39. Kh4 Ke7 40. Kh5 Kf7 41. h4 d5 42. cxd5 cxd5 43.
g4 d4 44. g5 hxg5 0-1

[Event "*** Titled Tuesday Blitz"]
[Site "Chess.com"]
[Date "2020.04.14"]
[Round "3"]
[White "GreatOwl02"]
[Black "kuba2006"]
[Result "0-1"]
[WhiteElo "2211"]
[BlackElo "2459"]
[TimeControl "180+1"]
[EndTime "10:28:38 PDT"]
[Termination "kuba2006 won on time"]

1. d4 Nf6 2. c4 d6 3. Nc3 Nbd7 4. e4 e5 5. Nf3 g6 6. Be2 Bg7 7. O-O O-O 8. Re1 c6 9. Bf1 a5 10. Qc2 exd4 11. Nxd4 Nc5 12. Bf4 Qc7 13. Rad1 Rd8 14.
h3 Nfd7 15. b3 Nb8 16. a3 Nba6 17. Bg3 Ne6 18. Nde2 Be5 19. f4 Bg7 20. Kh1 Nac5 21. f5 Nf8 22. b4 axb4 23. axb4 Na6 24. Qb1 Be5 25. Bxe5 dxe5 26. Ng1 Rxd1 27. Rxd1 Qe7 28. c5 Nc7 29. Nf3 Ne8 30. Qc1 gxf5 31. exf5 Bxf5 32.
Re1 f6 33. Bc4+ Kh8 34. Qh6 Qg7 35. Qh4 Ng6 36. Qf2 Nf4 37. Ne4 Bxe4 38. Rxe4 Nc7 39.
Nh4 Qg5 40. Nf3 Qg6 41. Re1 Ncd5 42. b5 Rg8 43. Bf1 Qh5 44. bxc6 bxc6 45. Ra1 e4 46. Nd4 Qe5 47. Ra7 e3 48. Qh4 Qe4 49. Ne2 Nxe2 50.
Qxe4 Ng3+ 0-1

[Event "*** Titled Tuesday Blitz"]
[Site "Chess.com"]
[Date "2020.04.14"]
[Round "3"]
[White "Atanejhad"]
[Black "LuckIsMySkill"]
[Result "1-0"]
[WhiteElo "2553"]
[BlackElo "2739"]
[TimeControl "180+1"]
[EndTime "10:28:39 PDT"]
[Termination "Atanejhad won on time"]

1. e4 c5 2. Nf3 d6 3. d4 cxd4 4.
Nxd4 Nf6 5. Nc3 a6 6. Be3 b5 7. f3 Bb7 8. Qd2 Nbd7 9. a3 h5 10. O-O-O Rc8 11. Kb1 g6 12. h3 Bg7 13. Bd3 h4 14. Rhe1 Qa5 15. Nb3 Qc7 16. Bd4 Nh5 17.
Bxg7 Nxg7 18. f4 Nh5 19. Nd5 Bxd5 20. exd5 Nhf6 21. f5 Ne5 22. fxg6 fxg6 23. Nd4 Qc5 24. Nc6 Nxc6 25. Bxg6+ Kd8 26. dxc6 Rxc6 27. Qe2 Rc7 28. Qe6 a5 29. Bf5 b4 30. axb4 axb4 31. Re5 Qb6 32.
Qf7 Re8 33. Re6 Nd7 34. Bg6 Rf8 35. Qxe7+ Kc8 36. Rexd6 Qc5 37. Be8 1-0